[ AOE2 MATCH · #469049892 ]
UnrankedWu vs Byzantines
Player's team · WIN
Rival team · LOSS
[ REPLAY ANALYSIS · EXTRACTED FROM THE RECORDED GAME ]
Feudal
10:34
Castle
18:00
Imperial
—
| APM avg | 31.3 |
| APM peak | 57 |
| eAPM avg | 20.4 |
| Villagers / military | 73 / 13 |
Focus
⚔️ 22.2% · 🌾 77.8%
Unknown (1974) ×18 · Fishing Ship ×6 · Unknown (2626) ×4 · Militia ×3 · Mangonel ×3 · Battering Ram ×3
Feudal
11:32
Castle
15:42
Imperial
—
| APM avg | 49.6 |
| APM peak | 84 |
| eAPM avg | 23.0 |
| Villagers / military | 87 / 18 |
Focus
⚔️ 30.7% · 🌾 69.3%
Monk ×9 · Fishing Ship ×9 · Unknown (2626) ×7 · Fire Galley ×3 · Mangonel ×2 · Cataphract ×2
Match map
Initial resources + every placement click. Lines = walls · curves = elevation contours. ◆ gold · ⬟ stone · ● berries · ✦ relic · ◌ wall gap
Your base· ✓ Map-separated
ČÁVO JUAN's base· ✓ Map-separated
Smoothed initial terrain · ◌ = detected wall gap · hover for details
Inputs per minute
— PEHF - - ČÁVO JUAN
Build order — PEHF
First 150 of 184 actions detected
| 0:01 | Create | Villager (Male) |
| 0:01 | Create | Villager (Male) |
| 0:02 | Build | House |
| 0:04 | Build | House |
| 0:09 | Create | Villager (Male) |
| 0:09 | Create | Villager (Male) |
| 1:23 | Create | Villager (Male) |
| 1:50 | Create | Villager (Male) |
| 1:50 | Create | Villager (Male) |
| 2:22 | Build | Lumber Camp |
| 2:25 | Create | Villager (Male) |
| 2:25 | Create | Villager (Male) |
| 2:49 | Create | Villager (Male) |
| 2:49 | Create | Villager (Male) |
| 3:18 | Create | Villager (Male) |
| 3:18 | Create | Villager (Male) |
| 3:51 | Build | House |
| 3:54 | Create | Villager (Male) |
| 3:54 | Create | Villager (Male) |
| 4:32 | Create | Villager (Male) |
| 4:59 | Build | Dock |
| 5:06 | Create | Villager (Male) |
| 5:27 | Build | House |
| 5:34 | Create | Villager (Male) |
| 5:55 | Create | Fishing Ship |
| 6:10 | Create | Villager (Male) |
| 6:26 | Create | Villager (Male) |
| 6:38 | Create | Fishing Ship |
| 7:04 | Create | Villager (Male) |
| 7:07 | Build | Mining Camp |
| 7:16 | Create | Villager (Male) |
| 7:17 | Create | Fishing Ship |
| 7:23 | Build | House |
| 7:52 | Create | Fishing Ship |
| 8:12 | Build | Mill |
| 8:24 | Research | Feudal Age |
| 8:37 | Build | House |
| 8:52 | Build | House |
| 9:10 | Build | Dock |
| 9:50 | Create | Villager (Male) |
| 9:54 | Create | Fishing Ship |
| 9:55 | Create | Fishing Ship |
| 10:34 | Age | Feudal Age |
| 10:41 | Create | Unit 2626 |
| 10:41 | Create | Unit 2626 |
| 10:51 | Create | Villager (Male) |
| 11:03 | Research | Double-Bit Axe |
| 11:17 | Create | Villager (Male) |
| 11:24 | Build | Blacksmith |
| 11:29 | Build | House |
| 11:32 | Create | Villager (Male) |
| 11:32 | Create | Villager (Male) |
| 11:44 | Create | Villager (Male) |
| 11:44 | Create | Villager (Male) |
| 11:52 | Create | Trade Cog |
| 11:52 | Create | Trade Cog |
| 12:12 | Create | Villager (Male) |
| 12:32 | Create | Transport Ship |
| 13:04 | Build | Market |
| 13:46 | Build | House |
| 13:49 | Create | Villager (Male) |
| 14:50 | Build | Lumber Camp |
| 14:52 | Build | Barracks |
| 14:54 | Create | Villager (Male) |
| 14:55 | Research | Loom |
| 14:55 | Research | Castle Age |
| 14:58 | Create | Villager (Male) |
| 14:59 | Create | Villager (Male) |
| 15:13 | Research | Horse Collar |
| 15:41 | Build | House |
| 15:42 | Build | House |
| 15:47 | Build | Farm |
| 15:47 | Build | Farm |
| 15:48 | Build | Farm |
| 16:07 | Build | Outpost |
| 16:09 | Build | Outpost |
| 16:23 | Create | Unit 2626 |
| 16:23 | Create | Unit 2626 |
| 16:43 | Build | Outpost |
| 16:48 | Build | Farm |
| 16:49 | Create | Villager (Male) |
| 16:50 | Create | Villager (Male) |
| 17:21 | Create | Villager (Male) |
| 17:28 | Research | Scale Mail Armor |
| 17:52 | Build | Outpost |
| 18:00 | Age | Castle Age |
| 18:03 | Build | Siege Workshop |
| 18:05 | Create | Unit 1974 |
| 18:05 | Create | Unit 1974 |
| 18:09 | Research | Chain Mail Armor |
| 18:13 | Build | Farm |
| 18:14 | Build | Farm |
| 18:14 | Build | Farm |
| 18:15 | Build | Farm |
| 18:16 | Build | Farm |
| 18:16 | Build | Farm |
| 18:46 | Create | Unit 1974 |
| 18:46 | Create | Unit 1974 |
| 18:54 | Create | Villager (Male) |
| 18:54 | Create | Villager (Male) |
| 18:55 | Create | Villager (Male) |
| 18:55 | Create | Villager (Male) |
| 19:02 | Build | Town Center |
| 19:06 | Create | Unit 1974 |
| 19:07 | Create | Unit 1974 |
| 19:46 | Build | Outpost |
| 19:59 | Research | War Galley (upgrade) |
| 20:11 | Create | Mangonel |
| 20:20 | Research | Wheelbarrow |
| 20:23 | Research | Bow Saw |
| 20:30 | Build | Outpost |
| 20:36 | Create | Villager (Male) |
| 20:36 | Create | Villager (Male) |
| 20:40 | Create | Villager (Male) |
| 20:40 | Create | Villager (Male) |
| 20:52 | Create | Villager (Male) |
| 20:52 | Create | Villager (Male) |
| 20:59 | Create | Villager (Male) |
| 20:59 | Create | Villager (Male) |
| 20:59 | Create | Villager (Male) |
| 21:11 | Build | Stable |
| 21:19 | Create | Unit 1974 |
| 21:19 | Create | Unit 1974 |
| 21:23 | Research | Squires |
| 21:26 | Build | Outpost |
| 21:31 | Create | Villager (Male) |
| 21:31 | Create | Villager (Male) |
| 21:34 | Create | Villager (Male) |
| 21:34 | Create | Villager (Male) |
| 21:46 | Build | House |
| 21:46 | Build | House |
| 21:51 | Create | Mangonel |
| 22:11 | Create | Mangonel |
| 22:33 | Create | Unit 1974 |
| 22:33 | Create | Unit 1974 |
| 22:59 | Build | Outpost |
| 23:12 | Create | Unit 1974 |
| 23:12 | Create | Unit 1974 |
| 23:13 | Create | Villager (Male) |
| 23:14 | Create | Villager (Male) |
| 23:15 | Create | Scout Cavalry |
| 23:15 | Create | Scout Cavalry |
| 23:18 | Create | Battering Ram |
| 23:59 | Create | Demolition Raft |
| 24:13 | Create | Villager (Male) |
| 24:13 | Create | Villager (Male) |
| 24:18 | Create | Villager (Male) |
| 24:18 | Create | Villager (Male) |
| 24:18 | Create | Villager (Male) |
| 24:19 | Create | Villager (Male) |
Build order — ČÁVO JUAN
First 150 of 181 actions detected
| 0:00 | Create | Villager (Male) |
| 0:01 | Create | Villager (Male) |
| 0:01 | Create | Villager (Male) |
| 0:02 | Build | House |
| 0:04 | Build | House |
| 0:18 | Create | Villager (Male) |
| 0:18 | Create | Villager (Male) |
| 1:33 | Create | Villager (Male) |
| 1:34 | Create | Villager (Male) |
| 1:58 | Build | Lumber Camp |
| 2:02 | Create | Villager (Male) |
| 2:32 | Create | Villager (Male) |
| 2:33 | Create | Villager (Male) |
| 2:45 | Create | Villager (Male) |
| 3:21 | Create | Villager (Male) |
| 3:21 | Create | Villager (Male) |
| 3:33 | Build | House |
| 3:44 | Create | Villager (Male) |
| 3:45 | Create | Villager (Male) |
| 4:01 | Create | Villager (Male) |
| 4:15 | Build | Dock |
| 4:31 | Build | House |
| 4:49 | Create | Villager (Male) |
| 4:49 | Create | Villager (Male) |
| 5:07 | Create | Fishing Ship |
| 5:07 | Create | Fishing Ship |
| 5:15 | Create | Villager (Male) |
| 5:15 | Create | Villager (Male) |
| 5:41 | Create | Villager (Male) |
| 5:41 | Create | Villager (Male) |
| 5:54 | Create | Fishing Ship |
| 5:55 | Create | Fishing Ship |
| 6:05 | Create | Villager (Male) |
| 6:06 | Create | Villager (Male) |
| 6:18 | Create | Villager (Male) |
| 6:18 | Create | Villager (Male) |
| 6:23 | Create | Fishing Ship |
| 6:24 | Create | Fishing Ship |
| 6:47 | Create | Villager (Male) |
| 6:48 | Create | Villager (Male) |
| 6:48 | Create | Villager (Male) |
| 7:05 | Build | House |
| 7:16 | Create | Fishing Ship |
| 7:20 | Create | Fishing Ship |
| 7:28 | Build | House |
| 7:55 | Build | Mining Camp |
| 8:16 | Create | Villager (Male) |
| 8:17 | Create | Villager (Male) |
| 8:17 | Create | Villager (Male) |
| 8:34 | Create | Fishing Ship |
| 9:14 | Create | Villager (Male) |
| 9:22 | Research | Feudal Age |
| 9:22 | Research | Feudal Age |
| 9:24 | Build | Mill |
| 9:35 | Create | Transport Ship |
| 9:40 | Build | House |
| 9:41 | Build | House |
| 10:45 | Create | Villager (Male) |
| 10:45 | Create | Villager (Male) |
| 11:32 | Age | Feudal Age |
| 11:33 | Build | Market |
| 11:35 | Build | Blacksmith |
| 11:44 | Create | Villager (Male) |
| 12:22 | Research | Loom |
| 13:02 | Research | Castle Age |
| 13:25 | Build | Dock |
| 13:31 | Build | Dock |
| 13:50 | Create | Fire Galley |
| 13:50 | Create | Fire Galley |
| 13:54 | Create | Fire Galley |
| 13:54 | Create | Unit 2626 |
| 13:54 | Create | Unit 2626 |
| 13:58 | Create | Unit 2626 |
| 14:01 | Create | Villager (Male) |
| 14:01 | Create | Villager (Male) |
| 14:26 | Create | Unit 2626 |
| 14:26 | Create | Unit 2626 |
| 14:31 | Create | Villager (Male) |
| 14:32 | Create | Villager (Male) |
| 14:43 | Create | Villager (Male) |
| 15:04 | Create | Villager (Male) |
| 15:04 | Create | Villager (Male) |
| 15:25 | Research | Horse Collar |
| 15:31 | Research | Double-Bit Axe |
| 15:31 | Research | Double-Bit Axe |
| 15:40 | Create | Unit 2626 |
| 15:40 | Create | Unit 2626 |
| 15:42 | Age | Castle Age |
| 15:49 | Build | Town Center |
| 16:23 | Research | War Galley (upgrade) |
| 17:06 | Build | Lumber Camp |
| 17:10 | Create | Villager (Male) |
| 17:13 | Research | Horse Collar |
| 17:18 | Create | Villager (Male) |
| 17:18 | Create | Villager (Male) |
| 17:50 | Build | Monastery |
| 17:51 | Create | Villager (Male) |
| 17:51 | Create | Villager (Male) |
| 17:51 | Create | Villager (Male) |
| 18:02 | Build | House |
| 18:03 | Build | House |
| 18:06 | Build | House |
| 18:35 | Create | Villager (Male) |
| 18:35 | Create | Villager (Male) |
| 18:50 | Build | Siege Workshop |
| 18:53 | Create | Monk |
| 18:54 | Create | Villager (Male) |
| 18:54 | Create | Villager (Male) |
| 19:14 | Build | Mining Camp |
| 19:19 | Create | Villager (Male) |
| 19:19 | Create | Villager (Male) |
| 19:31 | Build | Mining Camp |
| 19:49 | Create | Villager (Male) |
| 19:50 | Create | Villager (Male) |
| 19:54 | Build | Farm |
| 19:54 | Build | Farm |
| 19:55 | Build | Farm |
| 19:55 | Build | Farm |
| 19:55 | Build | Farm |
| 19:55 | Build | Farm |
| 19:56 | Build | Farm |
| 19:56 | Build | Farm |
| 19:56 | Build | Farm |
| 20:03 | Research | Redemption |
| 20:03 | Research | Redemption |
| 20:27 | Create | Monk |
| 20:27 | Create | Monk |
| 20:46 | Build | Farm |
| 20:49 | Build | Farm |
| 20:49 | Create | Villager (Male) |
| 20:49 | Create | Villager (Male) |
| 20:55 | Create | Villager (Male) |
| 20:55 | Create | Villager (Male) |
| 20:55 | Create | Villager (Male) |
| 21:19 | Create | Monk |
| 21:21 | Create | Villager (Male) |
| 21:21 | Create | Villager (Male) |
| 21:27 | Create | Scorpion |
| 21:43 | Build | Monastery |
| 21:49 | Create | Villager (Male) |
| 21:49 | Create | Villager (Male) |
| 22:11 | Create | Villager (Male) |
| 22:11 | Create | Villager (Male) |
| 22:48 | Create | Villager (Male) |
| 22:48 | Create | Villager (Male) |
| 23:03 | Build | Castle |
| 23:13 | Create | Villager (Male) |
| 23:36 | Create | Monk |
| 23:36 | Create | Monk |
| 23:37 | Create | Villager (Male) |
Match timeline
| 4:15 | ČÁVO JUAN · first_building Dock |
| 4:59 | PEHF · first_building Dock |
| 10:34 | PEHF · age_up feudal |
| 11:32 | ČÁVO JUAN · age_up feudal |
| 14:52 | PEHF · first_building Barracks |
| 15:42 | ČÁVO JUAN · age_up castle |
| 17:50 | ČÁVO JUAN · first_building Monastery |
| 18:00 | PEHF · age_up castle |
| 18:03 | PEHF · first_building Siege Workshop |
| 18:50 | ČÁVO JUAN · first_building Siege Workshop |
| 20:54 | ČÁVO JUAN · first_market_buy 100 food |
| 21:11 | PEHF · first_building Stable |
| 23:03 | ČÁVO JUAN · first_building Castle |
| 25:18 | PEHF · first_building Monastery |
| 26:37 | ČÁVO JUAN · resign |
[ AI ANALYSIS · 1 CREDIT ]
What really happened in this match?
Wolo.gg analyzes every decision: build order, eco, micro, common mistakes by bracket. Personalized analysis on WhatsApp or Discord in 30 seconds.
Civ guide
Wu
Perfil
Jugador #309448